Map: Romanticide LE

Players

TriGGeR

  • Race: Protoss Protoss
  • League: Grandmaster

MaSa - Winner!

  • Race: Terran Terran
  • League: Master

Event: DreamHack SC2 Masters 2021 Summer

VOD

Have the link to the VOD?

Description

Time

  • Played on: May 30, 2021, 3:54 p.m.
  • Length: 8:18

All games in this series

Show
View Real Time Build Order
Export as new Build Order

TriGGeR Protoss 

Build Orders: 1 Gate Expand, Oracle Opening 

Get SALT Encoding   

  12  0:00  Probe  
  13  0:12  Probe  
  14  0:17  Pylon  
  14  0:24  Probe (Chrono Boost)  
  15  0:35  Gateway  
  16  0:36  Probe (Chrono Boost)  
  16  0:41  Probe (Chrono Boost)  
  16  0:44  Assimilator  
  17  0:51  Probe  
  18  1:03  Probe  
  19  1:15  Probe  
  20  1:26  Cybernetics Core  
  20  1:34  Probe, Nexus  
  21  1:41  Pylon  
  21  1:46  Probe  
  22  1:50  Assimilator  
  22  1:58  Probe  
  22  1:59  Adept (Chrono Boost)  
  23  2:03  Warp Gate  
  25  2:10  Probe (Chrono Boost)  
  26  2:22  Probe (Chrono Boost)  
  29  2:28  Probe (Chrono Boost)  
  30  2:33  Stargate  
  30  2:35  Adept  
  30  2:36  Probe  
  31  2:46  Shield Battery  
  31  2:47  Probe  
  31  2:48  Probe  
  33  2:59  Probe  
  33  3:01  Probe  
  35  3:08  Adept  
  35  3:11  Probe  
  38  3:13  Probe, Oracle (Chrono Boost)  
  42  3:23  Probe, Pylon  
  42  3:24  Shield Battery  
  42  3:25  Probe  
  44  3:29  Pylon  
  44  3:34  Void Ray (Chrono Boost)  
  44  3:36  Gateway  
  44  3:37  Probe  
  45  3:46  Probe  
  50  3:49  Probe  
  47  3:58  Probe  
  47  4:00  Stalker  
  47  4:01  Probe  
  50  4:10  Probe  
  50  4:12  Phoenix  
  50  4:13  Probe  
  54  4:22  Probe  
  55  4:28  Probe  
  53  4:32  Gateway  
  53  4:33  Gateway, Adept  
  52  4:38  Stalker  
  52  4:41  Probe (Chrono Boost)  
  52  4:43  Probe (Chrono Boost)  
  40  4:53  Probe (Chrono Boost)  
  40  4:55  Probe (Chrono Boost)  
  41  5:01  Probe (Chrono Boost)  
  41  5:02  Probe (Chrono Boost)  
  41  5:04  Oracle (Chrono Boost)  
  38  5:07  Probe (Chrono Boost)  
  38  5:11  Probe (Chrono Boost)  
  44  5:23  Probe (Chrono Boost)  
  44  5:25  Probe (Chrono Boost)  
  45  5:29  Probe (Chrono Boost)  
  45  5:31  Adept x2  
  45  5:32  Probe (Chrono Boost), Adept  
  53  5:40  Probe  
  54  5:46  Adept  
  54  5:48  Probe  
  57  5:50  Pylon  
  57  5:52  Probe  
  57  5:56  Adept  
  57  5:57  Adept  
  62  6:00  Pylon  
  62  6:08  Probe  
  61  6:14  Adept x2  
  57  6:19  Probe  
  57  6:22  Probe  
  59  6:27  Adept  
  42  6:42  Probe x2 (Chrono Boost)  
  36  6:54  Probe x2 (Chrono Boost)  
  36  7:02  Probe (Chrono Boost), Zealot x2  
  36  7:04  Probe (Chrono Boost)  
  36  7:25  Oracle (Chrono Boost)  
  36  7:29  Probe  
  37  7:49  Probe x2  
  31  8:07  Adept  
  31  8:08  Adept x3  
Show
View Real Time Build Order
Export as new Build Order

MaSa Terran - Winner!

Build Orders: 1/1/1 

Get SALT Encoding   

  12  0:00  SCV  
  13  0:12  SCV  
  14  0:17  Supply Depot  
  14  0:24  SCV  
  15  0:39  SCV, Barracks  
  16  0:43  Refinery  
  16  0:48  Refinery  
  16  0:52  SCV  
  17  1:04  SCV  
  18  1:17  SCV  
  19  1:27  Marine  
  19  1:30  Factory  
  20  1:33  Orbital Command  
  20  1:45  Barracks Reactor  
  20  1:53  Supply Depot  
  20  1:58  SCV  
  21  2:10  SCV  
  21  2:15  Starport  
  22  2:23  SCV  
  22  2:25  Hellion  
  22  2:26  Hellion  
  22  2:27  Supply Depot  
  27  2:35  SCV  
  27  2:36  Barracks Tech Lab  
  28  2:47  SCV  
  28  2:48  Hellion  
  28  2:49  Hellion  
  33  2:53  Medivac  
  33  2:57  Supply Depot  
  35  3:00  SCV  
  35  3:04  Marine  
  37  3:14  Widow Mine  
  37  3:19  Widow Mine, SCV  
  42  3:29  Armory  
  42  3:31  SCV  
  43  3:35  Supply Depot  
  43  3:40  Widow Mine x2  
  47  3:56  SCV  
  46  4:05  Command Center  
  46  4:08  SCV  
  47  4:15  Widow Mine x2  
  51  4:17  Marine  
  51  4:21  SCV  
  53  4:33  SCV  
  54  4:43  Supply Depot  
  54  4:44  Widow Mine  
  54  4:46  Widow Mine  
  54  4:47  SCV  
  54  4:51  Marine, Stimpack  
  54  4:52  Medivac  
  54  5:00  SCV  
  55  5:12  SCV  
  54  5:16  Barracks  
  54  5:18  Barracks  
  54  5:21  Orbital Command  
  50  5:24  SCV  
  50  5:28  Widow Mine  
  53  5:36  SCV  
  53  5:37  Bunker  
  53  5:38  Medivac  
  56  5:48  SCV, Engineering Bay  
  55  5:50  SCV  
  55  5:52  Widow Mine x2  
  55  5:55  Marine  
  61  6:00  SCV  
  61  6:02  SCV  
  59  6:12  Marine  
  59  6:13  Widow Mine x2, SCV  
  59  6:14  SCV  
  59  6:17  Marine  
  57  6:27  Marine  
  57  6:28  SCV  
  52  6:34  Marine  
  52  6:35  Marine  
  48  6:41  SCV  
  48  6:42  SCV  
  49  6:53  SCV  
  48  6:58  SCV  
  49  7:05  SCV  
  50  7:10  SCV  
  49  7:16  Widow Mine x2, Medivac  
  49  7:17  SCV  
  49  7:22  SCV  
  57  7:29  SCV  
  57  7:30  Marine x3  
  57  7:34  SCV  
  59  7:45  SCV  
  59  7:46  SCV  
  59  7:48  Marine x2  
  63  7:59  SCV  
  63  8:04  SCV  
Tags
 
Add a new tag
Caveats
  • Supply blocks, unpowered buildings, or Contaminate may cause inaccurate times.
  • Supply counts are checked every 10 seconds.